AoeStats
← Federico

Enclosed

506163875Analyzed
1v1 RM · 18d ago on Sep 12, 2026· 71m 18s· 2 players
Game mode
Random Map
Map size
Tiny (2 player)
Population
200
Speed
Normal
Resources
Standard
Victory
Conquest
Starting age
Dark Age
Ending age
Imperial Age
RankedLock teamsTeams togetherTeam positionsShared explorationLock speedFull tech treeHidden civsTurbo modeCheats
Victory
Defeat
🇨🇭 Dravidians · Switzerland
836
+15
🇺🇸 Turks · United States
817
-15
Centipedejam
7:43 Loom
12:25 Feudal Age
14:08 Double-Bit Axe
17:21 Castle Age
21:40 Stone Mining
23:16 Horse Collar
25:13 Bow Saw
27:15 Wheelbarrow
27:48 Husbandry
27:58 Bloodlines
31:17 Hand Cart
31:15 Padded Archer Armor
32:41 Gold Mining
36:12 Imperial Age
36:51 Leather Archer Armor
37:59 Gold Shaft Mining
37:56 Murder Holes
40:36 Two-Man Saw
40:06 Elite Janissary
41:42 Ring Archer Armor
42:08 Artillery
43:26 Scale Barding Armor
43:32 Forging
43:25 Heavy Plow
47:06 Chain Barding Armor
47:22 Iron Casting
46:15 Heavy Scorpion
50:49 Plate Barding Armor
51:15 Blast Furnace
52:40 Cavalier
63:28 Ballistics
Federico
3:25 Loom
11:36 Feudal Age
12:26 Double-Bit Axe
12:25 Horse Collar
15:42 Scale Barding Armor
16:28 Man-at-Arms
22:03 Castle Age
20:48 Forging
21:57 Scale Mail Armor
22:09 Long Swordsman
22:52 Squires
23:57 Light Cavalry
24:12 Crossbowman
25:50 Wheelbarrow
26:21 Fletching
26:56 Gambesons
27:18 Padded Archer Armor
28:52 Bodkin Arrow
32:05 Elite Skirmisher
34:08 Leather Archer Armor
35:56 Iron Casting
35:51 Bow Saw
36:38 Chain Mail Armor
39:38 Imperial Age
37:53 Husbandry
37:49 Pikeman
40:26 Chain Barding Armor
41:38 Two-Man Saw
41:15 Thumb Ring
42:03 Conscription
41:32 Town Watch
42:14 Ballistics
43:01 Chemistry
43:53 Medical Corps
47:22 Bracer
47:01 Heavy Scorpion
47:49 Gold Mining
50:26 Guilds
51:01 Hand Cart
53:35 Elite Urumi Swordsman
54:57 Town Patrol
55:04 Halberdier
57:51 Plate Mail Armor
57:42 Heavy Plow
58:45 Ballistics
61:03 Wootz Steel
62:47 Arson
66:43 Ring Archer Armor
Connection lost

Rejoining the realm…

Still unreachable

The connection could not be restored.

Session expired

The server has moved on; the page needs a fresh start.